 Dungeon Crawl Stone Soup version 0.20.1-1-g8b1a95d (webtiles) character file.

825 Meenos the Ruffian (level 7, -8/66 HPs)
             Began as a Troll Monk on Nov 18, 2017.
             Killed from afar by an orc wizard (18 damage)
             ... with a puff of flame
             ... on level 5 of the Dungeon.
             The game lasted 00:32:44 (3006 turns).

Meenos the Ruffian (Troll Monk)                     Turns: 3006, Time: 00:32:44

Health: -8/66      AC: -3    Str: 20    XL:     7   Next: 64%
Magic:  6/6        EV: 13    Int:  6    God:
Gold:   194        SH:  0    Dex: 14    Spells: 6/6 levels left

rFire    x . .     SeeInvis .   f - +1 short sword (elec)
rCold    + . .     Gourm    +   (no shield)
rNeg     . . .     Faith    .   a - +0 robe
rPois    .         Spirit   .   (helmet restricted)
rElec    .         Reflect  .   (no cloak)
rCorr    .         Harm     .   (gloves unavailable)
MR       .....                  (boots unavailable)
Stlth    +.........             (no amulet)
Regen    0.7/turn               c - ring of ice
MPRegen  0.1/turn               t - ring of loudness (curse)

@: lethally poisoned (-8 -> -8), corroded
A: unfitting armour, claws 3, fast metabolism 3, gourmand, regeneration 1,
shaggy fur 1, tough skin 2
a: no special abilities


You were on level 5 of the Dungeon.
You were completely stuffed.

You visited 1 branch of the dungeon, and saw 5 of its levels.

You collected 194 gold pieces.

Inventory:

Hand Weapons
 f - a +1 short sword of electrocution (weapon)
 o - a +0 club
 z - a +0 giant club
 A - a +0 giant spiked club
Missiles
 s - 21 arrows
Armour
 a - a +0 robe (worn)
Jewellery
 c - a ring of ice (left claw)
 t - a cursed ring of loudness (right claw)
Wands
 x - a wand of paralysis (11/24)
Scrolls
 h - a scroll of random uselessness {unknown}
 i - 8 scrolls of identify {unknown}
 l - a scroll of fear {unknown}
 n - 2 scrolls of teleportation {unknown}
 p - a scroll of remove curse {unknown}
 v - a scroll of fog {unknown}
 y - a scroll of immolation {unknown}
Potions
 e - 2 potions of curing {unknown}
 k - a potion of invisibility {unknown}
 m - 2 potions of agility {unknown}
 q - 3 potions of heal wounds {unknown}
 r - a potion of brilliance {unknown}
 u - a potion of flight {unknown}
 w - a potion of might {unknown}
Comestibles
 b - 6 bread rations
 d - 2 royal jellies
 g - a fruit
 j - 2 meat rations


   Skills:
 - Level 2.4 Fighting
 + Level 5.8 Dodging
 - Level 1.0 Stealth
 + Level 6.6 Unarmed Combat


You had 6 spell levels left.
You didn't know any spells.

Dungeon Overview and Level Annotations

Branches:
Dungeon (5/15)
 Temple: D:4-7

Altars:
Ashenzari


Innate Abilities, Weirdness & Mutations

You are too large for most types of armour.
You have claws for hands.
Your metabolism is lightning-fast.
You like to eat raw meat.
Your natural rate of healing is unusually fast.
You are covered in fur. (AC +1)
You have very tough skin. (AC +2)


Message History

The jelly is heavily wounded.
You feel sick. The jelly hits you.
* * * LOW HITPOINT WARNING * * *
The acid corrodes you!
You are splashed with acid!
The acid burns!
* * * LOW HITPOINT WARNING * * *
The jelly barely misses you.
You hit the jelly but do no damage. Lightning courses through the jelly!
You kill the jelly!
You eat one of the 3 meat rations.
That meat ration really hit the spot!
You feel sick. The orc hits you with a hand axe.
* * * LOW HITPOINT WARNING * * *
You closely miss the orc.
You feel sick. The orc barely misses you.
You hit the orc but do no damage. Lightning courses through the orc!
You kill the orc!
You closely miss the orc.
You feel sick. The orc misses you. The orc barely misses you.
You feel sick.
A puff of flame appears from out of thin air!
The puff of flame hits you! The fire burns you terribly!
You die...

..#.# #.########.#.##.
#..........#....
#####.....###.###
#...............
..#####.###....(###.###.
.........<..............
..##############.##.####
.........@..{oo........
........######.........
........######.........
#.........oo...........
#.........J........###.
........).........>..+
.....###..........####
.... #............ ...
#######.......


You could see 2 orcs.

Vanquished Creatures
  The ghost of bmj180 the Poker, an amateur MfFi (D:3)
  2 ogres
  2 howler monkeys (D:4)
  3 orc priests
  A jelly (D:5)
  An orc wizard (D:3)
  Jessica (D:2)
  A worker ant (D:4)
  Robin (D:4)
  A gnoll (D:1)
  4 adders
  An ooze (D:3)
  2 worms
  3 dart slugs
  A leopard gecko (D:1)
  8 orcs
  4 ball pythons
  3 giant cockroaches
  19 goblins
  7 hobgoblins
  7 jackals
  3 quokkas
  10 bats
  7 frilled lizards
  A jackal skeleton (D:4)
  10 kobolds
  5 rats
109 creatures vanquished.

Notes
Turn   | Place    | Note
-------+----------+-------------------------------------------
     0 | D:1      | Meenos the Troll Monk began the quest for the Orb.
     0 | D:1      | Reached XP level 1. HP: 22/22 MP: 0/0
   226 | D:1      | Reached XP level 2. HP: 23/29 MP: 1/1
   288 | D:1      | Found a shattered altar of Ashenzari.
   503 | D:1      | Reached skill level 4 in Unarmed Combat
   587 | D:2      | Noticed Jessica
   597 | D:2      | Killed Jessica
   597 | D:2      | Reached XP level 3. HP: 25/36 MP: 2/2
   714 | D:2      | Reached XP level 4. HP: 44/44 MP: 3/3
   756 | D:2      | Reached skill level 5 in Unarmed Combat
  1522 | D:3      | Reached XP level 5. HP: 36/50 MP: 4/4
  1869 | D:3      | Noticed bmj180's ghost (amateur MfFi)
  1881 | D:3      | Killed bmj180's ghost
  1881 | D:3      | Reached skill level 6 in Unarmed Combat
  1881 | D:3      | Reached XP level 6. HP: 37/59 MP: 5/5
  2390 | D:4      | Noticed Robin
  2415 | D:4      | Killed Robin
  2511 | D:4      | Reached skill level 5 in Dodging
  2511 | D:4      | Reached XP level 7. HP: 41/66 MP: 6/6
  2939 | D:5      | Entered Level 5 of the Dungeon
  3006 | D:5      | Killed from afar by an orc wizard

Skill      XL: |  1  2  3  4  5  6 |
---------------+-------------------+-----
Unarmed Combat | 4 5 6 |  6.6
Dodging        | 4 5 |  5.8
Fighting       | |  2.4
Stealth        | |  1.0

Action                   |  1- 3 |  4- 6 |  7- 9 || total
-------------------------+-------+-------+-------++-------
Melee: Short sword       |    63 |   185 |    29 ||   277
       Unarmed           |    10 |       |     8 ||    18
       Punch             |     1 |     6 |       ||     7
 Stab: Sleeping          |       |     3 |       ||     3
  Eat: Chunk             |    12 |    17 |     2 ||    31
       Meat ration       |       |       |     1 ||     1
Armor: Robe              |    54 |    61 |     8 ||   123
Dodge: Dodged            |    54 |   106 |    23 ||   183
